 Dungeon Crawl Stone Soup version 0.31-a0-236-g9a0961fb85 (webtiles) character file.

Game seed: 9279399170577305238

35 qw the Shooter (level 3, 0/21 HPs)
             Began as a Gargoyle Hexslinger on July 10, 2023.
             Slain by Terence
             ... wielding a +0 hand axe
              (6 damage)
             ... on level 2 of the Dungeon.
             The game lasted 00:00:29 (1027 turns).

qw the Shooter (Gargoyle Hexslinger)                Turns: 1027, Time: 00:00:29

Health: 0/21       AC:  7    Str: 11    XL:     3   Next: 35%
Magic:  4/4        EV: 11    Int: 13    God:
Gold:   42         SH:  0    Dex: 14    Spells: 3/4 levels left

rFire   . . .        Y - +1 sling
rCold   . . .        (no shield)
rNeg    + . .        h - +0 leather armour {Will+}
rPois   inf          b - +0 helmet
rElec   +            (no cloak)
rCorr   .            (no gloves)
SInv    .            (no boots)
Will    +....        (no amulet)
Stlth   +            (no ring)
HPRegen 0.23/turn    (no ring)
MPRegen 0.09/turn

%: no passive effects
@: no status effects
A: sickness immunity, AC +3, negative energy resistance 1, electricity
resistance, torment resistance 1, petrification resistance
a: no special abilities


You were on level 2 of the Dungeon.
You visited 1 branch of the dungeon, and saw 2 of its levels.

You collected 42 gold pieces.


Innate Abilities, Weirdness & Mutations

You are immune to sickness and miasma.
Your stone body is resilient. (AC +3)
You are immune to poison.
You resist negative energy. (rN+)
You are resistant to electric shocks. (rElec)
You are resistant to unholy torment.
You are immune to petrification.


   Skills:
 - Level 2.0 Fighting
 + Level 3.3 Ranged Weapons
 - Level 1.5 Dodging
 - Level 1.0 Spellcasting
 - Level 2.6 Hexes


You had 3 spell levels left.
You knew the following spells:

 Your Spells              Type           Power      Damage    Failure   Level
a - Slow                  Hex            28%        N/A       12%         1

Your spell library contained the following spells:

 Spells                   Type           Power      Damage    Failure   Level
 Inner Flame              Hex/Fire       4%         N/A       54%         3
 Portal Projectile        Hex/Tloc       8%         N/A       54%         3
 Cause Fear               Hex            3%         N/A       77%         4

Inventory:

Hand Weapons
 Y - a +1 sling (weapon)
Armour
 b - a +0 helmet (worn)
 h - a +0 leather armour of willpower (worn)
Scrolls
 a - a scroll of identify {unknown}
 c - a scroll of enchant weapon {unknown}
 d - a scroll of teleportation {unknown}
Potions
 e - 2 potions of curing {unknown}
 f - a potion of resistance
 g - a potion of lignification {unknown}
 i - a potion of magic {unknown}

Dungeon Overview and Level Annotations

Branches:
Dungeon (2/15)

Altars:

Shops:
D:1 !

Annotations:
D:2 exclusion: gnoll, Terence


Message History

The kobold hits you but does no damage. Terence hits you but does no damage.
The kobold hits you with a +0 club.
Terence says, "Time to say good-bye..."
Terence hits you with a +0 hand axe.
You shoot a sling bullet. The sling bullet barely misses Terence.
The kobold completely misses you. Terence hits you but does no damage.
You shoot a sling bullet.
The sling bullet hits Terence but does no damage.
Terence is severely wounded.
The kobold barely misses you. Terence closely misses you.
You shoot a sling bullet.
The sling bullet hits Terence but does no damage.
Terence is severely wounded.
The kobold misses you. Terence barely misses you.
You shoot a sling bullet.
The sling bullet hits Terence but does no damage.
Terence is severely wounded.
The kobold barely misses you. Terence hits you but does no damage.
The kobold misses you. Terence hits you with a +0 hand axe.
You shoot a sling bullet. The sling bullet hits Terence.
Terence is almost dead.
The kobold barely misses you. Terence hits you with a +0 hand axe.
You shoot a sling bullet.
The sling bullet closely misses Terence.
The kobold misses you. Terence hits you but does no damage.
You shoot a sling bullet.
The sling bullet completely misses Terence.
The kobold barely misses you. Terence hits you with a +0 hand axe.
You shoot a sling bullet.
The sling bullet hits Terence but does no damage.
Terence is almost dead.
The kobold hits you but does no damage. Terence hits you but does no damage. x2
The kobold hits you but does no damage.
You shoot a sling bullet. The sling bullet hits Terence.
Terence is almost dead.
The kobold barely misses you. Terence hits you with a +0 hand axe.
You shoot a sling bullet.
The sling bullet closely misses Terence.
The kobold hits you but does no damage. Terence hits you with a +0 hand axe.
You die...

... ....# #.###### ..
.....# #...##..
#####.#######.....
#........# ###...
#........# ##..
#........# #.#
#........# #.(
#........#### ##.
#@..........#####.
#K@.........'..##.
....)..........##.###
......#######...##.#
# .......# #...##.# #
.......# ######.#
.......# #.# .......#
####'## #.....##


You could see Terence and a kobold.

Vanquished Creatures
  A gnoll (D:2)
  2 endoplasms (D:1)
  2 giant cockroaches (D:2)
  3 jackals (D:1)
  4 kobolds
  A quokka (D:2)
  4 ball pythons
  4 bats
  A frilled lizard (D:1)
  A goblin (D:1)
  3 rats
26 creatures vanquished.

Notes
Turn   | Place    | Note
-------+----------+-------------------------------------------
     0 | D:1      | qw the Gargoyle Hexslinger began the quest for the Orb.
     0 | D:1      | Reached XP level 1. HP: 12/12 MP: 2/2
     0 | D:1      | 0 ||| qw: Version: 0.3-a-52-g30416fa
     0 | D:1      | 0 ||| qw: Game counter: 4756
     0 | D:1      | 0 ||| qw: Melee chars always use a shield: true
     0 | D:1      | 0 ||| qw: God list: Okawaru
     0 | D:1      | 0 ||| qw: Allow faded altars: false
     0 | D:1      | 0 ||| qw: Do Orc after clearing Dungeon:15 true
     0 | D:1      | 0 ||| qw: Do second Lair branch before Depths: true
     0 | D:1      | 0 ||| qw: Lair rune preference: random
     0 | D:1      | 0 ||| qw: Goals: Normal
     0 | D:1      | 0 ||| PLANNING D:1-11
   159 | D:1      | Found Myschiw's Distillery.
   165 | D:1      | Reached XP level 2. HP: 12/16 MP: 3/3
   188 | D:1      | 188 ||| SHOPLISTING 2 potions of heal wounds (100 gold,
                  | have 0).
   188 | D:1      | 188 ||| SHOPLISTING potion of curing (30 gold, have 0).
   188 | D:1      | 188 ||| SHOPLISTING potion of heal wounds (50 gold, have
                  | 0).
   188 | D:1      | 188 ||| SHOPLISTING potion of might (40 gold, have 0).
   352 | D:1      | Reached skill level 3 in Ranged Weapons
   472 | D:1      | 472 ||| UPGRADING to +0 leather armour of willpower.
   482 | D:1      | 482 ||| DROPPING +0 robe.
   483 | D:1      | 483 ||| READING scroll labelled HISY RINIEPN.
   484 | D:1      | 484 ||| READING scroll labelled TOETHAZIOQ.
   485 | D:1      | 485 ||| DRINKING 2 fuming yellow potions.
   486 | D:1      | 486 ||| DROPPING scroll of poison.
   662 | D:2      | HP: 4/16 [quokka (2)]
   667 | D:2      | HP: 1/16 [quokka (1)]
   848 | D:2      | Reached XP level 3. HP: 21/21 MP: 4/4
   860 | D:2      | 860 ||| UPGRADING to +0 helmet.
   867 | D:2      | 867 ||| FLEEEEING.
   869 | D:2      | 869 ||| FLEEEEING.
  1006 | D:2      | Noticed Terence
  1027 | D:2      | Slain by Terence

Levels and vault maps discovered:
D:1:      minmay_arrival_loop, layout_rooms, serial_shops,
          nicolae_shop_temple_entry_statues_fountains
D:2:      layout_basic, columned_hall_lemuel, minmay_three_crescents,
          uniq_natasha, uniq_terence

Skill      XL: |  1  2 |
---------------+-------+-----
Ranged Weapons | 3 |  3.3
Fighting       | 2 |  2.0
Dodging        | |  1.5
Spellcasting   | |  1.0
Hexes          | |  2.6

Action                     || total
---------------------------++-------
   Fire: Sling             ||   121
    Use: Scroll            ||     2
         Potion            ||     1
 Armour: Robe              ||     7
         Leather armour    ||    26
  Dodge: Dodged            ||    59

Table legend:
 A = Non-vault XP
 B = Vault XP
 C = Vault XP percentage of total XP
 D = Non-vault monster count
 E = Vault monster count
 F = Vault count percentage of total count
                 A         B        C        D         E       F
            +---------+---------+-------+---------+---------+-------
      Total |      31 |      20 |  39.2 |      20 |       6 |  23.1
            +---------+---------+-------+---------+---------+-------
        D:1 |      19 |       0 |   0.0 |      13 |       0 |   0.0
        D:2 |      12 |      20 |  62.5 |       7 |       6 |  46.2
            +---------+---------+-------+---------+---------+-------
